 Dungeon Crawl Stone Soup version 0.31.0-9-g3a7656b989 (console) character file.

Game seed: 3201401468968744276

96 AlterAsc the Chopper (level 4, -2/35 HPs)
             Began as a Formicid Fighter on Jan 28, 2024.
             Incinerated by a bombardier beetle (3 damage)
             ... with a burning spray
             ... on level 3 of the Dungeon.
             The game lasted 00:02:51 (1722 turns).

AlterAsc the Chopper (Formicid Fighter)             Turns: 1722, Time: 00:02:51

Health: -2/35      AC:  8    Str: 22    XL:     4   Next: 98%
Magic:  4/4        EV:  9    Int:  8    God:
Gold:   175        SH: 10    Dex: 13    Spells: 3/3 levels left

rFire   . . .        a - +0 war axe
rCold   . . .        c - +0 buckler
rNeg    . . .        b - +0 scale mail
rPois   .            (helmet unavailable)
rElec   .            p - +0 cloak
rCorr   .            (no gloves)
SInv    +            (no boots)
Will    .....        f - amulet of reflection Stlth
                     (no ring)
HPRegen 0.25/turn    (no ring)
MPRegen 0.09/turn

%: reflection
@: on fire, glowing
A: permanent stasis, dig shafts and tunnels, antennae 3, four strong arms
a: Dig, Shaft Self


You were on level 3 of the Dungeon.
You visited 1 branch of the dungeon, and saw 3 of its levels.

You collected 175 gold pieces.

Inventory:

Hand Weapons
 a - a +0 war axe (weapon)
Armour
 b - a +0 scale mail (worn)
 c - a +0 buckler (worn)
 p - a +0 cloak (worn)
Jewellery
 f - an amulet of reflection (around neck)
 k - a ring of magical power
Scrolls
 g - a scroll of teleportation {unknown}
 i - 2 scrolls of poison {unknown}
 j - 2 scrolls of blinking {unknown}
 l - a scroll of silence {unknown}
 m - a scroll of revelation {unknown}
 n - 2 scrolls of identify {unknown}
Potions
 d - a potion of might
 e - 3 potions of resistance {unknown}
 h - a potion of heal wounds {unknown}
 o - 3 potions of attraction {unknown}
 q - a potion of curing {unknown}


   Skills:
 - Level 3.2 Fighting
 + Level 4.7 Axes
 - Level 3.2 Armour
 - Level 4.0 Shields


You had 3 spell levels left.
You didn't know any spells.
Your spell library contained the following spells:

 Spells                   Type           Power      Damage    Failure   Level
 Lesser Beckoning         Tloc           0%         N/A       91%         2
 Momentum Strike          Conj/Tloc      0%         3d8       91%         2
 Call Canine Familiar     Summ           0%         N/A       99%         3
 Sigil of Binding         Hex            0%         N/A       99%         3
 Dimensional Bullseye     Hex/Tloc       0%         N/A       100%        4
 Blink                    Tloc           Unusable   N/A       N/A         2

Dungeon Overview and Level Annotations

Branches:
Dungeon (3/15)

Altars:


Innate Abilities, Weirdness & Mutations

You cannot be hasted, slowed, berserked, paralysed or teleported.
You can dig through walls and to a lower floor.
You have a pair of large antennae on your head. (SInv)
Your four strong arms can wield two-handed weapons with a shield.


Message History

The liquid fire burns you!
You block the bombardier beetle's attack.
You hit the bombardier beetle but do no damage.
The liquid fire burns you!
The bombardier beetle bites you but does no damage.
You shake off some of the fire as you move.
The liquid fire burns you!
You shake off some of the fire as you move.
The liquid fire burns you!
* * * LOW HITPOINT WARNING * * *
The bombardier beetle sprays incendiary fluid at you.
The burning spray misses you.
You shake off the liquid fire.
The bombardier beetle barely misses you.
You are too injured to fight recklessly!
You are too injured to fight recklessly!
You are too injured to fight recklessly!
You hit the bombardier beetle but do no damage.
You hit the bombardier beetle.
The bombardier beetle is moderately wounded.
The bombardier beetle sprays incendiary fluid at you.
The burning spray hits you.
You are covered in liquid fire!
You hit the bombardier beetle but do no damage.
The bombardier beetle is moderately wounded.
The liquid fire burns you!
* * * LOW HITPOINT WARNING * * *
You block the bombardier beetle's attack.
You shake off some of the fire as you move.
The liquid fire burns you!
* * * LOW HITPOINT WARNING * * *
The bombardier beetle sprays incendiary fluid at you.
The burning spray hits you.
You are even more covered in liquid fire!
You shake off some of the fire as you move.
The liquid fire burns you!
* * * LOW HITPOINT WARNING * * *
You shake off some of the fire as you move.
The liquid fire burns you!
You die...

..# ..#
##..####
#......##
####........
.........
########....#
.......@B...#
#######.....#
#.....#
#.$...#
#.#.###
#######.#..$
#.......#####
#.##...##
#...######
#........##
#..........


You could see a bombardier beetle.

Vanquished Creatures
  2 adders
  4 dart slugs
  3 ribbon worms
  6 ball pythons
  3 bats
  7 endoplasms
  4 giant cockroaches
  3 goblins (D:1)
  5 hobgoblins
  5 jackals
  A kobold (D:1)
  11 frilled lizards
  8 rats
62 creatures vanquished.

Notes
Turn   | Place    | Note
-------+----------+-------------------------------------------
     0 | D:1      | AlterAsc the Formicid Fighter began the quest for the Orb.
     0 | D:1      | Reached XP level 1. HP: 18/18 MP: 1/1
    36 | D:1      | Reached XP level 2. HP: 21/24 MP: 2/2
   186 | D:1      | Reached XP level 3. HP: 29/29 MP: 3/3
   829 | D:1      | Reached XP level 4. HP: 35/35 MP: 4/4
  1721 | D:3      | HP: 1/35 [burnt (4)]
  1722 | D:3      | Incinerated by a bombardier beetle

Illustrated notes

Levels and vault maps discovered:
D:1:      dpeg_arrival_rooms_with_view, layout_basic, hex_large,
          nicolae_concentric_dashed_squares_mild, minmay_lizard_pond
D:2:      layout_basic
D:3:      layout_basic, mainiacjoe_overflow_surrounded_room,
          gammafunk_temple_overflow_wave

Skill      XL: |  1  2  3 |
---------------+----------+-----
Axes           | 3 4 |  4.7
Fighting       | |  3.2
Armour         | |  3.2
Shields        | |  4.0

Action                     |  1- 3 |  4- 6 || total
---------------------------+-------+-------++-------
  Melee: War axe           |    89 |    55 ||   144
Ability: Dig               |     1 |       ||     1
 Armour: Scale mail        |    63 |    28 ||    91
  Dodge: Dodged            |    43 |    28 ||    71
  Block: Buckler           |    50 |    29 ||    79
         Reflection        |     1 |       ||     1
